 Dungeon Crawl Stone Soup version 0.18-a0-337-g1235303 (webtiles) character file.

1110 4thArraOfDagon the Ruffian (level 8, -1/64 HPs)
             Began as a Ghoul Venom Mage on Nov 28, 2015.
             Was a Believer of Okawaru.
             Slain by an orc warrior
             ... wielding a +0 short sword
              (13 damage)
             ... on level 7 of the Dungeon.
             The game lasted 00:10:34 (2365 turns).

4thArraOfDagon the Ruffian (Ghoul Venom Mage)       Turns: 2365, Time: 00:10:34

Health: -1/64      AC:  9    Str: 12      XL:     8   Next: 33%
Magic:  9/9        EV: 11    Int: 11 (12) God:    Okawaru [**....]
Gold:   223        SH:  0    Dex:  9      Spells: 3 memorised, 2 levels left

rFire  . . .     SeeInvis .       - Unarmed
rCold  + . .     Clarity  .     n - +0 scale mail
rNeg   + + +     SustAt   .     (no shield)
rPois  ∞         Gourm    .     (no helmet)
rElec  .         Spirit   .     o - +0 cloak
rCorr  .         Warding  .     (no gloves)
rMut   .         Stasis   .     (no boots)
MR     .....                    (no amulet)
Stlth  ++........               (no ring)
                                (no ring)

@: heroism, rotting, not resistant to hostile enchantments, unstealthy
A: rotting body, claws 1, carnivore 3, cold resistance 1, negative energy
resistance 3, slow regeneration 1, torment resistance, unbreathing
a: Heroism, Renounce Religion


You were on level 7 of the Dungeon.
You worshipped Okawaru.
Okawaru was pleased with you.
You were not hungry.

You visited 1 branch of the dungeon, and saw 7 of its levels.

You collected 223 gold pieces.

Inventory:

Hand Weapons
 i - a +2 quarterstaff of chaos
 j - a +0 blowgun
Missiles
 a - 33 poisoned needles
Armour
 n - a +0 scale mail (worn)
 o - a +0 cloak (worn)
 q - a +0 shield
 s - a +0 large shield
Scrolls
 e - 2 scrolls of amnesia
 h - 4 scrolls of remove curse
 k - a scroll of magic mapping {unknown}
 l - a scroll of immolation {unknown}
 p - a scroll of fear {unknown}
 r - a scroll of enchant weapon {unknown}
 v - a scroll of teleportation {unknown}
 w - a scroll of noise {unknown}
Potions
 f - a potion of degeneration
 g - 2 potions of brilliance
 m - a potion of cancellation
 x - a potion of resistance {unknown}
 z - a potion of lignification {unknown}
 A - a potion of poison {unknown}
Books
 b - a Young Poisoner's Handbook

   Spells                             Type                      Level
   a - Sting                          Conjuration/Poison           1
   b - Cure Poison                    Poison                       2
   c - Mephitic Cloud                 Conjuration/Poison/Air       3
   d - Olgreb's Toxic Radiance        Poison                       4
   e - Venom Bolt                     Conjuration/Poison           5
 t - a book of Enchantments

   Spells                             Type                      Level
   a - Cause Fear                     Hexes                        4
   b - Yara's Violent Unravelling     Hexes/Transmutation          5
   c - Silence                        Hexes/Air                    5
   d - Deflect Missiles               Charms/Air                   6
   e - Haste                          Charms                       6
   f - Discord                        Hexes                        8
 u - a book of Burglary

   Spells                             Type                      Level
   a - Swiftness                      Charms/Air                   2
   b - Passwall                       Transmutation/Earth          3
   c - Passage of Golubria            Translocation                4
   d - Lee's Rapid Deconstruction     Earth                        5
   e - Darkness                       Hexes                        6
   f - Invisibility                   Hexes                        6
Comestibles
 c - 2 meat rations


   Skills:
 + Level 3.6(8.6) Fighting
 + Level 3.0(8.0) Armour
 + Level 3.5(8.5) Dodging
 - Level 2.1(7.1) Stealth
 * Level 6.9(11.9) Unarmed Combat
 - Level 1.7 Spellcasting
 - Level 4.0 Poison Magic
 + Level 3.4 Invocations


You had 2 spell levels left.
You knew the following spells:

 Your Spells              Type           Power        Failure   Level  Hunger
a - Sting                 Conj/Pois      #...         67%         1    ##.....
b - Mephitic Cloud        Conj/Pois/Air  #.......     99%         3    ####...
c - Passage of Golubria   Tloc           N/A          100%        4    #####..


Dungeon Overview and Level Annotations

Branches:
Dungeon (7/15)             Temple (0/1) D:7

Altars:
Ashenzari
Fedhas
Nemelex Xobeh
Okawaru
Sif Muna

Annotations:
D:4 Dowan; Duvessa; Robin; xeno23's ghost, amateur DgAE


Innate Abilities, Weirdness & Mutations

Your body is rotting away.
You thrive on raw meat.
You are immune to poison.
You have sharp fingernails.
You are carnivorous and can eat meat at any time.
Your flesh is cold resistant.
You are immune to negative energy.
You regenerate slowly when monsters are visible.
You are immune to unholy pain and torment.
You can survive without breathing.


Message History

You barely miss the orc warrior.
The orc warrior is severely wounded.
The orc warrior barely misses you.
You scratch the orc warrior but do no damage.
The orc warrior is severely wounded.
You scratch the orc warrior.
The orc warrior is almost dead.
The orc warrior hits you with a short sword!
* * * LOW HITPOINT WARNING * * *
You are too injured to fight recklessly!
You are too injured to fight recklessly!
You are too injured to fight recklessly!
You scratch the orc warrior but do no damage.
The orc warrior is almost dead.
The orc warrior misses you.
Unknown command.
You barely miss the orc warrior.
The orc warrior is almost dead.
The orc warrior hits you with a short sword!
You die...

#. ..# #. ..# +..
..+ +..♣ ♣..++#
#..⌠♣♣⌠..#..
#..%.....#.######..
#.?......#.........
#''####.......#
#.Ko@.........#
#####.........#
#.........#
#.........###+###
#.........#......
###.........#......
#.........###......
#..>......###......
#.........##.......


You could see an orc warrior and a big kobold.

Vanquished Creatures
  A necrophage (D:6)
  An orc warrior (D:7)
  A giant frog (D:6)
  2 scorpions
  2 crimson imps
  5 wights (D:7)
  2 hounds (D:6)
  Crazy Yiuf (D:4)
  3 orc priests
  2 orc wizards (D:5)
  6 worker ants
  A worker ant zombie (D:4)
  3 adders
  An ooze (D:2)
  An adder skeleton (D:6)
  2 giant geckos
  10 orcs
  3 bats
  4 goblins
  2 hobgoblins
  6 jackals
  3 quokkas
  A ball python (D:3)
  3 giant cockroaches
  2 giant newts
  A jackal skeleton (D:7)
  2 kobolds
  2 rats (D:2)
73 creatures vanquished.

Notes
Turn   | Place    | Note
--------------------------------------------------------------
     0 | D:1      | 4thArraOfDagon the Ghoul Venom Mage began the quest for the Orb.
     0 | D:1      | Reached XP level 1. HP: 14/14 MP: 2/2
   134 | D:1      | Reached skill level 1 in Unarmed Combat
   187 | D:2      | Reached XP level 2. HP: 12/20 MP: 3/3
   300 | D:4      | Noticed xeno23's ghost (amateur DgAE)
   312 | D:4      | Noticed Robin
   390 | D:3      | Reached XP level 3. HP: 22/26 MP: 1/4
   544 | D:3      | Found a shattered altar of Ashenzari.
   682 | D:3      | why not
   755 | D:4      | Reached XP level 4. HP: 30/32 MP: 5/5
   825 | D:4      | Learned a level 3 spell: Mephitic Cloud
   849 | D:5      | Entered Level 5 of the Dungeon
   935 | D:5      | Found a blossoming altar of Fedhas.
   954 | D:5      | Found a deep blue altar of Sif Muna.
  1006 | D:4      | Noticed Crazy Yiuf
  1016 | D:4      | Killed Crazy Yiuf
  1071 | D:4      | Found an iron altar of Okawaru.
  1072 | D:4      | why not
  1079 | D:4      | Became a worshipper of Warmaster Okawaru
  1092 | D:4      | Noticed Dowan
  1096 | D:4      | Noticed Duvessa
  1098 | D:4      | Noticed an ogre
  1214 | D:5      | Reached XP level 5. HP: 26/39 MP: 6/6
  1260 | D:5      | Reached skill level 1 in Armour
  1260 | D:5      | Reached skill level 5 in Unarmed Combat
  1261 | D:5      | Reached skill level 1 in Fighting
  1261 | D:5      | Reached skill level 1 in Invocations
  1263 | D:5      | Reached XP level 6. HP: 11/47 MP: 7/7
  1349 | D:6      | Reached * piety under Okawaru
  1492 | D:6      | Reached XP level 7. HP: 20/55 MP: 8/8
  1644 | D:5      | Reached skill level 6 in Unarmed Combat
  1739 | D:5      | Learned a level 4 spell: Passage of Golubria
  1812 | D:6      | Reached ** piety under Okawaru
  1861 | D:6      | Found a sparkling altar of Nemelex Xobeh.
  1940 | D:7      | Found a staircase to the Ecumenical Temple.
  2001 | D:7      | Reached XP level 8. HP: 48/60 MP: 6/9
  2365 | D:7      | Slain by an orc warrior

Vault maps used:
D:1:      saegor_arrival_simple_f
D:2:      xom_butterflies
D:3:      evilmike_ruin_ashenzari
D:4:      first_bread, kennysheep_okawaru_gauntlet, uniq_duvessa, uniq_robin,
          uniq_crazy_yiuf_cottage
D:5:      lemuel_doored_altar, led_sif_book, minmay_misc_feat_alley,
          zaba_anthole, kennysheep_cross_room, grunt_decor_one_mirror
D:6:      lemuel_coloured_pillars_altar, nemelex_altar_shiori
D:7:      minmay_temple_entry_statues_fountains, basic_altar,
          grunt_ministairs_3, kennysheep_generic_room_6

Action                   |  1- 3 |  4- 6 |  7- 9 || total
-------------------------+-------+-------+-------++-------
Melee: Unarmed           |   126 |   106 |   131 ||   363
       Quarterstaff      |       |    48 |       ||    48
 Fire: Blowgun           |       |     7 |       ||     7
 Cast: Sting             |    12 |       |       ||    12
Invok: Heroism           |       |       |     3 ||     3
  Use: Scroll            |       |       |     5 ||     5
       Potion            |       |       |     4 ||     4
 Stab: Sleeping          |     1 |       |       ||     1
       Petrifying        |       |     1 |       ||     1
  Eat: Chunk             |    15 |    13 |     9 ||    37
